Blues vs Avalanche
(R3)
Created - May 23, 2021 at 20:59
Goals
|
Blues |
2 |
1 |
1 |
4 |
Avalanche |
0 |
3 |
0 |
3 |
|
Shots
|
Blues |
9 |
6 |
6 |
21 |
Avalanche |
14 |
16 |
4 |
34 |
|
1st period
1. Blues , Linus Omark 1 (Brandon Yip 1, Jacob Slavin 2) at 12:51
2. Blues , Nicklas Backstrom 3 (David Perron 4, Alex Pietrangelo 6) at 18:29 (PP)
Penalties :
Cody Ceci (STL) for Hooking (Minor) at 1:10, Patric Hornqvist (Col) for Hooking (Minor) at 13:49, Anthony Mantha (STL) for Tripping (Minor) at 15:55, Danny Richmond (Col) for Holding (Minor) at 18:23, Jake Gardiner (STL) for Roughing (Minor) at 18:52
2nd period
3. Blues , Tyler Johnson 2 (Filip Forsberg 2, Nicklas Backstrom 7) at 2:34
4. Avalanche , Mikkel Boedker 4 (Charlie Coyle 3) at 13:27
5. Avalanche , Bryan Little 6 (Mikkel Boedker 6, Marc Staal 4) at 16:59 (PP)
6. Avalanche , Erik Karlsson 1 (Marc Staal 5, Mikkel Boedker 7) at 19:42 (PP)
Penalties :
Ryan O'Reilly (STL) for Tripping (Minor) at 5:15, Linus Omark (STL) for Hooking (Minor) at 14:37, Cody Ceci (STL) for Hooking (Minor) at 15:13, Fabian Brunnstrom (STL) for Hooking (Minor) at 19:28, Ryan Murray (STL) for Hooking (Minor) at 19:53
3rd period
7. Blues , Ryan O'Reilly 2 (David Perron 5) at 1:22 (SH)
Penalties :
Kevin Hayes (STL) for Hooking (Minor) at 3:16, Colten Teubert (Col) for Hooking (Minor) at 8:58, Luke Witkowski (Col) for Roughing (Minor) at 12:26, Fabian Brunnstrom (STL) for Hooking (Minor) at 15:52, Fabian Brunnstrom (STL) for Holding (Minor) at 18:52
Goalie Stats
Carey Price (STL), 31 saves from 34 shots - (0.912), W, 5-1-1, 60:00 minutes
Cam Ward (Col), 17 saves from 21 shots - (0.810), L, 5-2-0, 59:08 minutes
Players Stats for Blues
Player Name G A P +/- PIM S H SB GA TA FO MP PP MP PK MP
------------------------------------------------------------------------------------
Alex Pietrangelo 0 1 1 -1 0 1 2 1 2 0 0/0 19:44 3:01 1:20
Anthony Mantha 0 0 0 0 2 0 0 0 0 0 0/1 5:32 0:00 0:00
Brandon Yip 0 1 1 1 0 0 2 0 0 0 0/0 8:16 0:19 0:13
Cody Ceci 0 0 0 1 4 0 2 2 0 1 0/0 17:02 0:00 8:48
David Perron 0 2 2 1 0 3 1 0 1 0 1/1 17:52 3:08 5:44
Drew Shore 0 0 0 0 0 2 2 2 0 0 7/17 15:34 0:00 8:54
Fabian Brunnstrom 0 0 0 0 6 1 2 0 0 0 1/1 8:10 0:04 1:51
Filip Forsberg 0 1 1 0 0 0 2 0 0 0 0/0 17:53 2:35 2:27
Jacob Slavin 0 1 1 2 0 0 1 4 0 0 0/0 17:29 2:41 4:50
Jake Gardiner 0 0 0 2 2 1 0 1 0 1 0/0 19:37 3:22 4:35
Kevin Hayes 0 0 0 0 2 0 1 0 0 0 0/0 12:09 2:51 0:00
Linus Omark 1 0 1 1 2 1 0 0 2 0 1/1 8:18 0:35 0:15
Nicklas Backstrom 1 1 2 0 0 2 1 0 0 0 19/25 16:38 2:53 1:04
Ryan Murray 0 0 0 -1 2 0 0 0 0 0 0/0 25:42 2:41 5:49
Ryan O'Reilly 1 0 1 1 2 5 2 0 0 0 10/17 16:49 2:51 4:39
Tyler Johnson 1 0 1 0 0 5 3 0 2 1 3/4 24:55 2:53 8:02
Vincent Lecavalier 0 0 0 1 0 0 0 0 0 0 2/4 7:58 0:00 0:47
Yann Sauvé 0 0 0 1 0 0 1 1 0 1 0/0 21:12 0:21 9:42
Players Stats for Avalanche
Player Name G A P +/- PIM S H SB GA TA FO MP PP MP PK MP
------------------------------------------------------------------------------------
Andrew Ladd 0 0 0 -1 0 1 2 0 1 0 0/0 11:41 1:05 2:21
Bryan Little 1 0 1 0 0 5 2 2 0 1 16/40 21:23 9:14 0:00
Charlie Coyle 0 1 1 -1 0 3 0 0 0 0 4/12 12:36 1:07 3:05
Colten Teubert 0 0 0 1 2 0 2 0 0 0 0/0 20:44 7:10 1:53
Danny Richmond 0 0 0 0 2 0 0 3 0 0 0/0 10:04 1:04 0:43
Erik Karlsson 1 0 1 0 0 2 3 0 0 0 0/0 22:59 10:24 0:20
Evgeny Dadonov 0 0 0 -1 0 2 0 0 0 0 1/1 17:56 7:04 0:00
Jack Johnson 0 0 0 -2 0 1 1 3 0 2 0/0 25:26 6:16 3:12
James Van Riemsdyk 0 0 0 -1 0 2 0 0 1 1 2/3 18:55 7:04 1:03
Kyle Turris 0 0 0 0 0 1 3 0 0 0 1/3 7:11 0:15 1:48
Luke Witkowski 0 0 0 0 2 0 0 0 0 0 0/0 7:11 0:00 2:06
Marc Staal 0 2 2 -3 0 2 2 1 0 1 0/0 28:02 8:48 3:12
Mattias Ekholm 0 0 0 0 0 0 0 0 0 0 0/0 12:50 1:30 2:46
Mikkel Boedker 1 2 3 0 0 8 3 1 2 0 1/1 21:23 9:14 0:00
Patric Hornqvist 0 0 0 0 2 4 1 0 0 1 0/1 21:22 9:14 0:00
Paul Stastny 0 0 0 -1 0 3 1 1 0 0 2/9 17:56 7:07 0:00
Peter Prucha 0 0 0 -1 0 0 0 1 0 1 0/1 11:20 1:11 1:43
Tomas Tatar 0 0 0 0 0 0 0 0 0 0 0/0 4:54 0:13 0:00
3 Stars
1 - Mikkel Boedker (Col)
2 - Nicklas Backstrom (STL)
3 - Tyler Johnson (STL)
Power Play
Blues - 1 on 4 Attempt(s) - 25.00%
Avalanche - 2 on 11 Attempt(s) - 18.18%
Penalty Kill
Blues - 9 on 11 Attempt(s) - 81.82%
- Score 1 goal in Penalty Kill
Avalanche - 3 on 4 Attempt(s) - 75.00%
- Score 0 goal in Penalty Kill
Team Stat
Blues - Hits : 22 - Faceoff Wins : 44 - Blocked Shots : 11 - Penalty Minutes : 22
Avalanche - Hits : 20 - Faceoff Wins : 27 - Blocked Shots : 12 - Penalty Minutes : 8
Official
Referees : Unknown
Linesman : Unknown
Game Notes
No Game Note
Finance
Level 1 -- Attendance: 6000 (100.00%) -- Ticket Income $534,000
Level 2 -- Attendance: 5000 (100.00%) -- Ticket Income $275,000
Level 3 -- Attendance: 2000 (100.00%) -- Ticket Income $66,000
Level 4 -- Attendance: 4000 (100.00%) -- Ticket Income $92,000
Luxury Box -- Attendance: 1000 (100.00%) -- Ticket Income $172,000
Game was played at the Pepsi Center.
Total Attendance: 18000 (100.00%)
Total Ticket Income: $1,139,000
Other Income: $170,850
Total Income: $1,309,850
Blues
5 vs 5 Forward
Center Left Wing Right Wing Time % Phy DF OF
1 Nicklas Backstrom Filip Forsberg Tyler Johnson 40 1 2 2
2 Ryan O'Reilly David Perron Kevin Hayes 30 1 2 2
3 Drew Shore Fabian Brunnstrom Anthony Mantha 20 1 2 2
4 Vincent Lecavalier Linus Omark Brandon Yip 10 1 2 2
5 vs 5 Defense
Defense Defense Time % Phy DF OF
1 Alex Pietrangelo Ryan Murray 40 1 2 2
2 Yann Sauvé Jake Gardiner 30 1 2 2
3 Cody Ceci Jacob Slavin 20 1 2 2
4 Alex Pietrangelo Jake Gardiner 10 1 2 2
PowerPlay Forward
Center Left Wing Right Wing Time % Phy DF OF
1 Nicklas Backstrom David Perron Tyler Johnson 60 1 1 3
2 Ryan O'Reilly Filip Forsberg Kevin Hayes 40 1 1 3
PowerPlay Defense
Defense Defense Time % Phy DF OF
1 Alex Pietrangelo Jake Gardiner 60 1 2 2
2 Jacob Slavin Ryan Murray 40 1 2 2
Penalty Kill 4 Players Forward
Center Wing Time % Phy DF OF
1 Drew Shore Tyler Johnson 60 1 3 1
2 Ryan O'Reilly David Perron 40 1 3 1
Penalty Kill 4 Players Defense
Defense Defense Time % Phy DF OF
1 Yann Sauvé Cody Ceci 60 2 3 0
2 Ryan Murray Jake Gardiner 40 2 3 0
Penalty Kill - 3 Players Forward
Forward Time % Phy DF OF
1 Nicklas Backstrom 60 1 2 2
2 Tyler Johnson 40 1 2 2
Penalty Kill - 3 Players Defense
Defense Defense Time % Phy DF OF
1 Alex Pietrangelo Cody Ceci 60 1 2 2
2 Ryan Murray Yann Sauvé 40 1 2 2
4 vs 4 Forward
Center Wing Time % Phy DF OF
1 Nicklas Backstrom Tyler Johnson 60 1 2 2
2 Ryan O'Reilly David Perron 40 1 2 2
4 vs 4 Defense
Defense Defense Time % Phy DF OF
1 Alex Pietrangelo Cody Ceci 60 1 2 2
2 Jake Gardiner Yann Sauvé 40 1 2 2
Last Minutes Offensive
Center Left Wing Right Wing Defense Defense
Nicklas Backstrom David Perron Tyler Johnson Alex Pietrangelo Jake Gardiner
Last Minutes Defensive
Center Left Wing Right Wing Defense Defense
Drew Shore David Perron Tyler Johnson Yann Sauvé Cody Ceci
Goaltenders
Starting : Carey Price
Backup : Pascal Leclaire
Extra Forwards
Normal : Kevin Hayes, Vincent Lecavalier, Ryan O'Reilly - PP : Linus Omark, Nicklas Backstrom - PK : Filip Forsberg
Extra Defensemen
Normal : Cody Ceci, Jake Gardiner, Ryan Murray - PP : Yann Sauvé - PK : Jacob Slavin, Jake Gardiner
Penalty Shots
David Perron, Vincent Lecavalier, Filip Forsberg, Tyler Johnson, Nicklas Backstrom
Scratches
Kevin Bieksa (Healthy), Simon Gagné (Healthy)
Avalanche
5 vs 5 Forward
Center Left Wing Right Wing Time % Phy DF OF
1 Bryan Little Mikkel Boedker Patric Hornqvist 35 1 2 2
2 Paul Stastny James Van Riemsdyk Evgeny Dadonov 30 1 2 2
3 Charlie Coyle Andrew Ladd Peter Prucha 25 1 2 2
4 Kyle Turris Tomas Tatar Luke Witkowski 10 1 2 2
5 vs 5 Defense
Defense Defense Time % Phy DF OF
1 Jack Johnson Marc Staal 40 1 2 2
2 Erik Karlsson Colten Teubert 35 1 2 2
3 Mattias Ekholm Danny Richmond 25 1 2 2
4 Jack Johnson Marc Staal 0 1 2 2
PowerPlay Forward
Center Left Wing Right Wing Time % Phy DF OF
1 Bryan Little Mikkel Boedker Patric Hornqvist 60 1 2 2
2 Paul Stastny James Van Riemsdyk Evgeny Dadonov 40 1 2 2
PowerPlay Defense
Defense Defense Time % Phy DF OF
1 Erik Karlsson Marc Staal 60 1 2 2
2 Jack Johnson Colten Teubert 40 1 2 2
Penalty Kill 4 Players Forward
Center Wing Time % Phy DF OF
1 Charlie Coyle Luke Witkowski 60 1 2 2
2 Kyle Turris Andrew Ladd 40 1 2 2
Penalty Kill 4 Players Defense
Defense Defense Time % Phy DF OF
1 Jack Johnson Marc Staal 60 1 2 2
2 Mattias Ekholm Colten Teubert 40 1 2 2
Penalty Kill - 3 Players Forward
Forward Time % Phy DF OF
1 Mikkel Boedker 60 1 2 2
2 Patric Hornqvist 40 1 2 2
Penalty Kill - 3 Players Defense
Defense Defense Time % Phy DF OF
1 Jack Johnson Marc Staal 60 1 2 2
2 Erik Karlsson Colten Teubert 40 1 2 2
4 vs 4 Forward
Center Wing Time % Phy DF OF
1 Mikkel Boedker Patric Hornqvist 60 1 2 2
2 Bryan Little Paul Stastny 40 1 2 2
4 vs 4 Defense
Defense Defense Time % Phy DF OF
1 Jack Johnson Marc Staal 60 1 2 2
2 Erik Karlsson Colten Teubert 40 1 2 2
Last Minutes Offensive
Center Left Wing Right Wing Defense Defense
Bryan Little Mikkel Boedker Patric Hornqvist Jack Johnson Erik Karlsson
Last Minutes Defensive
Center Left Wing Right Wing Defense Defense
Bryan Little Mikkel Boedker Patric Hornqvist Jack Johnson Marc Staal
Goaltenders
Starting : Cam Ward
Backup : Semyon Varlamov
Extra Forwards
Normal : Charlie Coyle, Andrew Ladd, Peter Prucha - PP : Charlie Coyle, Andrew Ladd - PK : Peter Prucha
Extra Defensemen
Normal : Colten Teubert, Danny Richmond, Erik Karlsson - PP : Mattias Ekholm - PK : Danny Richmond, Erik Karlsson
Penalty Shots
Mikkel Boedker, Patric Hornqvist, Bryan Little, Paul Stastny, Evgeny Dadonov
Scratches
None
% Time on Ice - Blues
Lines # - Real PCT - Wanted PCT - Time Play
Normal Forward
1 - 40% - 40% - 14:36
2 - 26% - 30% - 9:17
3 - 15% - 20% - 5:31
4 - 19% - 10% - 6:57
Normal Defense
1 - 43% - 40% - 15:31
2 - 35% - 30% - 12:43
3 - 19% - 20% - 6:58
4 - 3% - 10% - 1:09
PP Forward
1 - 53% - 60% - 3:12
2 - 47% - 40% - 2:51
PP Defense
1 - 56% - 60% - 3:22
2 - 44% - 40% - 2:41
PK Forward
1 - 66% - 60% - 10:47
2 - 34% - 40% - 5:26
PK Defense
1 - 62% - 60% - 10:06
2 - 38% - 40% - 6:07
PK3 Forward
1 - 90% - 60% - 1:15
2 - 10% - 40% - 0:08
PK3 Defense
1 - 69% - 60% - 0:57
2 - 31% - 40% - 0:26
44 Forward
1 - 0% - 60%
2 - 0% - 40%
44 Defense
1 - 0% - 60%
2 - 0% - 40%
Last Minute Offensive - 0:00
Last Minute Defensive - 0:00
Total
Forward - 60:00
Defense - 60:00
|
% Time on Ice - Avalanche
Lines # - Real PCT - Wanted PCT - Time Play
Normal Forward
1 - 35% - 35% - 12:36
2 - 30% - 30% - 10:53
3 - 23% - 25% - 8:15
4 - 13% - 10% - 4:37
Normal Defense
1 - 44% - 40% - 16:04
2 - 33% - 35% - 12:06
3 - 23% - 25% - 8:11
4 - 0% - 0% - 0:00
PP Forward
1 - 54% - 60% - 9:34
2 - 46% - 40% - 8:02
PP Defense
1 - 59% - 60% - 10:26
2 - 41% - 40% - 7:10
PK Forward
1 - 85% - 60% - 5:10
2 - 15% - 40% - 0:53
PK Defense
1 - 53% - 60% - 3:12
2 - 47% - 40% - 2:51
PK3 Forward
1 - 0% - 60%
2 - 0% - 40%
PK3 Defense
1 - 0% - 60%
2 - 0% - 40%
44 Forward
1 - 0% - 60%
2 - 0% - 40%
44 Defense
1 - 0% - 60%
2 - 0% - 40%
Last Minute Offensive - 0:00
Last Minute Defensive - 0:00
Total
Forward - 60:00
Defense - 60:00
|
Play-by-Play
1st period
0:01 of 1st period - Bryan Little wins face-off versus Nicklas Backstrom in neutral zone.
0:35 of 1st period - Jake Gardiner is hit by Jack Johnson and loses puck.
0:50 of 1st period - Snap shot by Charlie Coyle.
0:50 of 1st period - Shot Blocked by Jake Gardiner.
0:52 of 1st period - Slapshot by Marc Staal.
0:52 of 1st period - Shot Blocked by Drew Shore.
0:54 of 1st period - Slapshot by Marc Staal.
0:54 of 1st period - Stopped by Carey Price without a rebound.
0:55 of 1st period - Vincent Lecavalier wins face-off versus Charlie Coyle in Blues zone.
1:02 of 1st period - Erik Karlsson is hit by Brandon Yip and loses puck.
1:10 of 1st period - Minor Penalty to Cody Ceci for Hooking.
1:11 of 1st period - Tyler Johnson wins face-off versus Bryan Little in Blues zone.
2:01 of 1st period - Colten Teubert is hit by Drew Shore and loses puck.
3:10 of 1st period - Penalty to Cody Ceci is over, Cody Ceci is back on ice.
3:16 of 1st period - Snap shot by Mikkel Boedker.
3:16 of 1st period - Shot Misses the Net.
3:18 of 1st period - Wrist shot by Charlie Coyle.
3:18 of 1st period - Stopped by Carey Price with a rebound.
3:26 of 1st period - Snap shot by Andrew Ladd.
3:26 of 1st period - Deflect By Linus Omark.
3:26 of 1st period - Shot Misses the Net.
3:26 of 1st period - Puck is out of play.
3:27 of 1st period - Nicklas Backstrom wins face-off versus Kyle Turris in Blues zone.
3:27 of 1st period - Nicklas Backstrom is hit by Kyle Turris.
4:34 of 1st period - Jake Gardiner is hit by Erik Karlsson and loses puck.
5:13 of 1st period - Andrew Ladd is hit by Ryan O'Reilly and loses puck.
5:20 of 1st period - Snap shot by David Perron.
5:20 of 1st period - Stopped by Cam Ward without a rebound.
5:21 of 1st period - Ryan O'Reilly wins face-off versus Bryan Little in Avalanche zone.
5:34 of 1st period - Wrist shot by David Perron.
5:34 of 1st period - Stopped by Cam Ward with a rebound.
6:19 of 1st period - Colten Teubert is hit by Alex Pietrangelo and loses puck.
6:32 of 1st period - Erik Karlsson is hit by Tyler Johnson.
6:46 of 1st period - Off-side.
6:47 of 1st period - Bryan Little wins face-off versus Ryan O'Reilly in neutral zone.
7:14 of 1st period - Evgeny Dadonov is hit by Brandon Yip and loses puck.
7:19 of 1st period - Wrist shot by Brandon Yip.
7:19 of 1st period - Deflect By Linus Omark.
7:19 of 1st period - Shot Blocked by Jack Johnson.
7:19 of 1st period - Puck is out of play.
7:20 of 1st period - Linus Omark wins face-off versus Paul Stastny in Avalanche zone.
7:35 of 1st period - Backhand shot by Evgeny Dadonov.
7:35 of 1st period - Shot Blocked by Jacob Slavin.
7:37 of 1st period - Snap shot by James Van Riemsdyk.
7:37 of 1st period - Shot Blocked by Cody Ceci.
7:39 of 1st period - Slapshot by Paul Stastny.
7:39 of 1st period - Stopped by Carey Price with a rebound.
8:11 of 1st period - Snap shot by Evgeny Dadonov.
8:11 of 1st period - Stopped by Carey Price without a rebound.
8:12 of 1st period - Nicklas Backstrom wins face-off versus Bryan Little in Blues zone.
8:12 of 1st period - Nicklas Backstrom is hit by Mikkel Boedker.
8:26 of 1st period - Snap shot by Mikkel Boedker.
8:26 of 1st period - Stopped by Carey Price without a rebound.
8:27 of 1st period - Ryan O'Reilly wins face-off versus Bryan Little in Blues zone.
8:31 of 1st period - Icing by Alex Pietrangelo.
8:32 of 1st period - Ryan O'Reilly wins face-off versus Bryan Little in Blues zone.
8:47 of 1st period - Snap shot by Patric Hornqvist.
8:47 of 1st period - Stopped by Carey Price with a rebound.
8:49 of 1st period - Snap shot by Bryan Little.
8:49 of 1st period - Stopped by Carey Price with a rebound.
9:08 of 1st period - Off-side.
9:09 of 1st period - Nicklas Backstrom wins face-off versus Bryan Little in neutral zone.
9:16 of 1st period - Snap shot by Nicklas Backstrom.
9:16 of 1st period - Shot Misses the Net.
9:18 of 1st period - Wrist shot by Tyler Johnson.
9:18 of 1st period - Stopped by Cam Ward with a rebound.
9:20 of 1st period - Wrist shot by Nicklas Backstrom.
9:20 of 1st period - Shot Misses the Net.
9:22 of 1st period - Wrist shot by Tyler Johnson.
9:22 of 1st period - Stopped by Cam Ward without a rebound.
9:23 of 1st period - Nicklas Backstrom wins face-off versus Patric Hornqvist in Avalanche zone.
9:34 of 1st period - Wrist shot by Mikkel Boedker.
9:34 of 1st period - Shot Misses the Net.
9:36 of 1st period - Snap shot by Erik Karlsson.
9:36 of 1st period - Stopped by Carey Price with a rebound.
9:50 of 1st period - Colten Teubert is hit by Fabian Brunnstrom and loses puck.
9:55 of 1st period - Backhand shot by Drew Shore.
9:55 of 1st period - Stopped by Cam Ward without a rebound.
9:56 of 1st period - Drew Shore wins face-off versus Paul Stastny in Avalanche zone.
10:07 of 1st period - Snap shot by Paul Stastny.
10:07 of 1st period - Stopped by Carey Price without a rebound.
10:08 of 1st period - Nicklas Backstrom wins face-off versus Bryan Little in Blues zone.
10:46 of 1st period - Wrist shot by Ryan O'Reilly.
10:46 of 1st period - Stopped by Cam Ward without a rebound.
10:47 of 1st period - Charlie Coyle wins face-off versus Nicklas Backstrom in Avalanche zone.
10:50 of 1st period - Snap shot by Nicklas Backstrom.
10:50 of 1st period - Deflect By Tyler Johnson.
10:50 of 1st period - Stopped by Cam Ward with a rebound.
10:58 of 1st period - Wrist shot by Andrew Ladd.
10:58 of 1st period - Stopped by Carey Price without a rebound.
10:59 of 1st period - Bryan Little wins face-off versus Nicklas Backstrom in Blues zone.
11:10 of 1st period - Backhand shot by Patric Hornqvist.
11:10 of 1st period - Stopped by Carey Price with a rebound.
11:26 of 1st period - Drew Shore is hit by Paul Stastny and loses puck.
11:49 of 1st period - Snap shot by Charlie Coyle.
11:49 of 1st period - Stopped by Carey Price without a rebound.
11:50 of 1st period - Charlie Coyle wins face-off versus Vincent Lecavalier in Blues zone.
12:51 of 1st period - Slapshot by Linus Omark.
12:51 of 1st period - Goal by Linus Omark - Blues : 1 - Avalanche : 0.
12:52 of 1st period - Nicklas Backstrom wins face-off versus Bryan Little in neutral zone.
12:54 of 1st period - Off-side.
12:55 of 1st period - Nicklas Backstrom wins face-off versus Bryan Little in neutral zone.
13:17 of 1st period - Tyler Johnson is hit by Bryan Little and loses puck.
13:49 of 1st period - Minor Penalty to Patric Hornqvist for Hooking.
13:50 of 1st period - Ryan O'Reilly wins face-off versus Charlie Coyle in Avalanche zone.
14:18 of 1st period - Colten Teubert is hit by Tyler Johnson and loses puck.
15:49 of 1st period - Penalty to Patric Hornqvist is over, Patric Hornqvist is back on ice.
15:55 of 1st period - Minor Penalty to Anthony Mantha for Tripping.
15:56 of 1st period - Bryan Little wins face-off versus Drew Shore in Blues zone.
16:23 of 1st period - Cody Ceci is hit by Colten Teubert.
16:33 of 1st period - Slapshot by Paul Stastny.
16:33 of 1st period - Shot Misses the Net.
17:55 of 1st period - Penalty to Anthony Mantha is over, Anthony Mantha is back on ice.
18:23 of 1st period - Minor Penalty to Danny Richmond for Holding.
18:24 of 1st period - Tyler Johnson wins face-off versus Charlie Coyle in Avalanche zone.
18:29 of 1st period - Backhand shot by David Perron.
18:29 of 1st period - Deflect By Nicklas Backstrom.
18:29 of 1st period - Goal by Nicklas Backstrom - Blues : 2 - Avalanche : 0.
18:30 of 1st period - Nicklas Backstrom wins face-off versus Paul Stastny in neutral zone.
18:52 of 1st period - Minor Penalty to Jake Gardiner for Roughing.
18:53 of 1st period - Bryan Little wins face-off versus Drew Shore in Blues zone.
18:56 of 1st period - Wrist shot by Patric Hornqvist.
18:56 of 1st period - Stopped by Carey Price without a rebound.
18:57 of 1st period - Mikkel Boedker wins face-off versus Drew Shore in Blues zone.
19:04 of 1st period - Snap shot by Patric Hornqvist.
19:04 of 1st period - Shot Misses the Net.
19:24 of 1st period - Paul Stastny is hit by Cody Ceci and loses puck.
19:44 of 1st period - Off-side.
19:45 of 1st period - Bryan Little wins face-off versus Drew Shore in neutral zone.
19:52 of 1st period - Wrist shot by Mikkel Boedker.
19:52 of 1st period - Stopped by Carey Price without a rebound.
19:53 of 1st period - Drew Shore wins face-off versus Bryan Little in Blues zone.
Goals for this period are 2 for Blues vs 0 for Avalanche.
Shots for this period are 9 for Blues vs 14 for Avalanche.
2nd period
0:01 of 2nd period - Drew Shore wins face-off versus Bryan Little in neutral zone.
0:12 of 2nd period - Tyler Johnson is hit by Marc Staal and loses puck.
0:39 of 2nd period - Slapshot by Evgeny Dadonov.
0:39 of 2nd period - Stopped by Carey Price with a rebound.
0:52 of 2nd period - Penalty to Jake Gardiner is over, Jake Gardiner is back on ice.
1:25 of 2nd period - Wrist shot by Linus Omark.
1:25 of 2nd period - Shot Misses the Net.
2:18 of 2nd period - Slapshot by Alex Pietrangelo.
2:18 of 2nd period - Shot Blocked by Danny Richmond.
2:26 of 2nd period - Slapshot by Alex Pietrangelo.
2:26 of 2nd period - Stopped by Cam Ward without a rebound.
2:27 of 2nd period - Nicklas Backstrom wins face-off versus Bryan Little in Avalanche zone.
2:34 of 2nd period - Wrist shot by Tyler Johnson.
2:34 of 2nd period - Goal by Tyler Johnson - Blues : 3 - Avalanche : 0.
2:35 of 2nd period - Bryan Little wins face-off versus Nicklas Backstrom in neutral zone.
2:38 of 2nd period - Jake Gardiner is hit by Mikkel Boedker and loses puck.
2:53 of 2nd period - Jack Johnson is hit by Yann Sauvé and loses puck.
3:47 of 2nd period - Wrist shot by Nicklas Backstrom.
3:47 of 2nd period - Stopped by Cam Ward with a rebound.
3:53 of 2nd period - Filip Forsberg is hit by Marc Staal and loses puck.
4:50 of 2nd period - Wrist shot by Bryan Little.
4:50 of 2nd period - Shot Misses the Net.
4:54 of 2nd period - Snap shot by Bryan Little.
4:54 of 2nd period - Shot Misses the Net.
4:56 of 2nd period - Slapshot by Marc Staal.
4:56 of 2nd period - Shot Misses the Net.
4:58 of 2nd period - Slapshot by Marc Staal.
4:58 of 2nd period - Stopped by Carey Price with a rebound.
5:00 of 2nd period - Snap shot by Bryan Little.
5:00 of 2nd period - Stopped by Carey Price with a rebound.
5:02 of 2nd period - Slapshot by Jack Johnson.
5:02 of 2nd period - Shot Blocked by Yann Sauvé.
5:04 of 2nd period - Snap shot by Bryan Little.
5:04 of 2nd period - Stopped by Carey Price with a rebound.
5:12 of 2nd period - Snap shot by Mikkel Boedker.
5:12 of 2nd period - Stopped by Carey Price without a rebound.
5:13 of 2nd period - Ryan O'Reilly wins face-off versus Paul Stastny in Blues zone.
5:15 of 2nd period - Minor Penalty to Ryan O'Reilly for Tripping.
5:16 of 2nd period - James Van Riemsdyk wins face-off versus Drew Shore in Blues zone.
5:22 of 2nd period - Wrist shot by James Van Riemsdyk.
5:22 of 2nd period - Stopped by Carey Price with a rebound.
6:10 of 2nd period - Fabian Brunnstrom is hit by Colten Teubert and loses puck.
7:15 of 2nd period - Penalty to Ryan O'Reilly is over, Ryan O'Reilly is back on ice.
8:45 of 2nd period - Icing by Linus Omark.
8:46 of 2nd period - Vincent Lecavalier wins face-off versus Bryan Little in Blues zone.
9:20 of 2nd period - James Van Riemsdyk is hit by Ryan O'Reilly and loses puck.
9:49 of 2nd period - Slapshot by Alex Pietrangelo.
9:49 of 2nd period - Shot Blocked by Danny Richmond.
9:51 of 2nd period - Slapshot by Cody Ceci.
9:51 of 2nd period - Shot Blocked by Danny Richmond.
9:53 of 2nd period - Wrist shot by Vincent Lecavalier.
9:53 of 2nd period - Shot Misses the Net.
10:33 of 2nd period - Jacob Slavin is hit by Erik Karlsson.
10:35 of 2nd period - Slapshot by Alex Pietrangelo.
10:35 of 2nd period - Shot Blocked by Mikkel Boedker.
10:37 of 2nd period - Snap shot by Anthony Mantha.
10:37 of 2nd period - Shot Blocked by Bryan Little.
10:39 of 2nd period - Wrist shot by Fabian Brunnstrom.
10:39 of 2nd period - Stopped by Cam Ward without a rebound.
10:40 of 2nd period - Fabian Brunnstrom wins face-off versus Charlie Coyle in Avalanche zone.
10:48 of 2nd period - Icing by Charlie Coyle.
10:49 of 2nd period - Charlie Coyle wins face-off versus Ryan O'Reilly in Avalanche zone.
10:56 of 2nd period - Slapshot by Alex Pietrangelo.
10:56 of 2nd period - Shot Blocked by Jack Johnson.
10:58 of 2nd period - Slapshot by Kevin Hayes.
10:58 of 2nd period - Deflect By Ryan O'Reilly.
10:58 of 2nd period - Stopped by Cam Ward without a rebound.
10:59 of 2nd period - Evgeny Dadonov wins face-off versus Ryan O'Reilly in Avalanche zone.
11:39 of 2nd period - Icing by Paul Stastny.
11:40 of 2nd period - Nicklas Backstrom wins face-off versus Paul Stastny in Avalanche zone.
12:28 of 2nd period - Snap shot by Paul Stastny.
12:28 of 2nd period - Stopped by Carey Price without a rebound.
12:29 of 2nd period - Nicklas Backstrom wins face-off versus Bryan Little in Blues zone.
12:36 of 2nd period - Snap shot by Bryan Little.
12:36 of 2nd period - Deflect By Patric Hornqvist.
12:36 of 2nd period - Stopped by Carey Price without a rebound.
12:37 of 2nd period - Nicklas Backstrom wins face-off versus Bryan Little in Blues zone.
12:42 of 2nd period - Colten Teubert is hit by Filip Forsberg and loses puck.
12:53 of 2nd period - Wrist shot by Mikkel Boedker.
12:53 of 2nd period - Stopped by Carey Price without a rebound.
12:54 of 2nd period - Charlie Coyle wins face-off versus Ryan O'Reilly in Blues zone.
13:11 of 2nd period - Slapshot by Peter Prucha.
13:11 of 2nd period - Shot Misses the Net.
13:27 of 2nd period - Wrist shot by Mikkel Boedker.
13:27 of 2nd period - Goal by Mikkel Boedker - Blues : 3 - Avalanche : 1.
13:28 of 2nd period - Paul Stastny wins face-off versus Ryan O'Reilly in neutral zone.
13:55 of 2nd period - Tyler Johnson is hit by Patric Hornqvist and loses puck.
14:37 of 2nd period - Minor Penalty to Linus Omark for Hooking.
14:38 of 2nd period - Bryan Little wins face-off versus Drew Shore in Blues zone.
14:49 of 2nd period - Wrist shot by Mikkel Boedker.
14:49 of 2nd period - Stopped by Carey Price without a rebound.
14:50 of 2nd period - Drew Shore wins face-off versus Bryan Little in Blues zone.
15:13 of 2nd period - Minor Penalty to Cody Ceci for Hooking.
15:14 of 2nd period - Nicklas Backstrom wins face-off versus Bryan Little in Blues zone.
15:19 of 2nd period - Slapshot by Mikkel Boedker.
15:19 of 2nd period - Shot Blocked by Jacob Slavin.
15:21 of 2nd period - Snap shot by Erik Karlsson.
15:21 of 2nd period - Deflect By Patric Hornqvist.
15:21 of 2nd period - Shot Blocked by Jacob Slavin.
15:21 of 2nd period - Puck is out of play.
15:22 of 2nd period - Bryan Little wins face-off versus Nicklas Backstrom in Blues zone.
15:23 of 2nd period - Wrist shot by Mikkel Boedker.
15:23 of 2nd period - Stopped by Carey Price with a rebound.
15:25 of 2nd period - Wrist shot by Mikkel Boedker.
15:25 of 2nd period - Shot Blocked by Alex Pietrangelo.
16:07 of 2nd period - Snap shot by Mikkel Boedker.
16:07 of 2nd period - Deflect By Bryan Little.
16:07 of 2nd period - Stopped by Carey Price without a rebound.
16:08 of 2nd period - Paul Stastny wins face-off versus Nicklas Backstrom in Blues zone.
16:37 of 2nd period - Penalty to Linus Omark is over, Linus Omark is back on ice.
16:40 of 2nd period - Icing by Bryan Little.
16:41 of 2nd period - Tyler Johnson wins face-off versus Bryan Little in Avalanche zone.
16:42 of 2nd period - Slapshot by Drew Shore.
16:42 of 2nd period - Stopped by Cam Ward without a rebound.
16:43 of 2nd period - Bryan Little wins face-off versus Drew Shore in Avalanche zone.
16:59 of 2nd period - Wrist shot by Bryan Little.
16:59 of 2nd period - Goal by Bryan Little - Blues : 3 - Avalanche : 2.
17:00 of 2nd period - Nicklas Backstrom wins face-off versus Paul Stastny in neutral zone.
17:10 of 2nd period - Wrist shot by James Van Riemsdyk.
17:10 of 2nd period - Stopped by Carey Price without a rebound.
17:11 of 2nd period - Nicklas Backstrom wins face-off versus Bryan Little in Blues zone.
17:43 of 2nd period - Snap shot by David Perron.
17:43 of 2nd period - Shot Misses the Net.
18:21 of 2nd period - Backhand shot by Alex Pietrangelo.
18:21 of 2nd period - Shot Misses the Net.
18:29 of 2nd period - Alex Pietrangelo is hit by Kyle Turris and loses puck.
18:44 of 2nd period - Filip Forsberg is hit by Mikkel Boedker.
18:48 of 2nd period - Mattias Ekholm is hit by Cody Ceci and loses puck.
19:27 of 2nd period - Wrist shot by Drew Shore.
19:27 of 2nd period - Shot Blocked by Peter Prucha.
19:28 of 2nd period - Minor Penalty to Fabian Brunnstrom for Hooking.
19:29 of 2nd period - Bryan Little wins face-off versus Drew Shore in Blues zone.
19:38 of 2nd period - Wrist shot by Mikkel Boedker.
19:38 of 2nd period - Shot Misses the Net.
19:40 of 2nd period - Snap shot by Marc Staal.
19:40 of 2nd period - Shot Misses the Net.
19:42 of 2nd period - Slapshot by Erik Karlsson.
19:42 of 2nd period - Goal by Erik Karlsson - Blues : 3 - Avalanche : 3.
19:43 of 2nd period - Bryan Little wins face-off versus Tyler Johnson in neutral zone.
19:53 of 2nd period - Minor Penalty to Ryan Murray for Hooking.
19:54 of 2nd period - Drew Shore wins face-off versus Bryan Little in Blues zone.
Goals for this period are 1 for Blues vs 3 for Avalanche.
Shots for this period are 6 for Blues vs 16 for Avalanche.
3rd period
0:01 of 3rd period - Bryan Little wins face-off versus Drew Shore in neutral zone.
1:12 of 3rd period - Wrist shot by Jake Gardiner.
1:12 of 3rd period - Stopped by Cam Ward without a rebound.
1:13 of 3rd period - Ryan O'Reilly wins face-off versus James Van Riemsdyk in Avalanche zone.
1:14 of 3rd period - Wrist shot by David Perron.
1:14 of 3rd period - Shot Misses the Net.
1:20 of 3rd period - Slapshot by Ryan O'Reilly.
1:20 of 3rd period - Stopped by Cam Ward with a rebound.
1:22 of 3rd period - Slapshot by Ryan O'Reilly.
1:22 of 3rd period - Goal by Ryan O'Reilly - Blues : 4 - Avalanche : 3.
1:23 of 3rd period - Bryan Little wins face-off versus Drew Shore in neutral zone.
1:53 of 3rd period - Penalty to Ryan Murray is over, Ryan Murray is back on ice.
2:19 of 3rd period - Slapshot by Erik Karlsson.
2:19 of 3rd period - Shot Blocked by Drew Shore.
3:07 of 3rd period - Slapshot by Tyler Johnson.
3:07 of 3rd period - Shot Blocked by Paul Stastny.
3:09 of 3rd period - Slapshot by Cody Ceci.
3:09 of 3rd period - Deflect By Drew Shore.
3:09 of 3rd period - Shot Misses the Net.
3:09 of 3rd period - Puck is out of play.
3:10 of 3rd period - Ryan O'Reilly wins face-off versus Bryan Little in Avalanche zone.
3:13 of 3rd period - Snap shot by Ryan O'Reilly.
3:13 of 3rd period - Shot Blocked by Bryan Little.
3:16 of 3rd period - Minor Penalty to Kevin Hayes for Hooking.
3:17 of 3rd period - David Perron wins face-off versus Bryan Little in Blues zone.
3:28 of 3rd period - Slapshot by Jack Johnson.
3:28 of 3rd period - Shot Misses the Net.
4:46 of 3rd period - Wrist shot by Charlie Coyle.
4:46 of 3rd period - Stopped by Carey Price with a rebound.
5:16 of 3rd period - Penalty to Kevin Hayes is over, Kevin Hayes is back on ice.
5:30 of 3rd period - Snap shot by Kyle Turris.
5:30 of 3rd period - Stopped by Carey Price without a rebound.
5:31 of 3rd period - Kyle Turris wins face-off versus Vincent Lecavalier in Blues zone.
5:42 of 3rd period - Marc Staal is hit by Alex Pietrangelo and loses puck.
6:04 of 3rd period - Wrist shot by Charlie Coyle.
6:04 of 3rd period - Shot Blocked by Cody Ceci.
6:12 of 3rd period - Jack Johnson is hit by Jacob Slavin and loses puck.
6:25 of 3rd period - Icing by Charlie Coyle.
6:26 of 3rd period - Ryan O'Reilly wins face-off versus Charlie Coyle in Avalanche zone.
6:39 of 3rd period - Icing by Andrew Ladd.
6:40 of 3rd period - Ryan O'Reilly wins face-off versus Charlie Coyle in Avalanche zone.
6:41 of 3rd period - Snap shot by David Perron.
6:41 of 3rd period - Stopped by Cam Ward without a rebound.
6:42 of 3rd period - Bryan Little wins face-off versus Ryan O'Reilly in Avalanche zone.
6:47 of 3rd period - Kevin Hayes is hit by Bryan Little and loses puck.
7:05 of 3rd period - Icing by Kevin Hayes.
7:06 of 3rd period - Ryan O'Reilly wins face-off versus Paul Stastny in Blues zone.
7:13 of 3rd period - Evgeny Dadonov is hit by Tyler Johnson and loses puck.
7:18 of 3rd period - Slapshot by Nicklas Backstrom.
7:18 of 3rd period - Shot Blocked by Jack Johnson.
7:20 of 3rd period - Wrist shot by Tyler Johnson.
7:20 of 3rd period - Shot Misses the Net.
7:22 of 3rd period - Slapshot by Jake Gardiner.
7:22 of 3rd period - Deflect By Filip Forsberg.
7:22 of 3rd period - Shot Blocked by Marc Staal.
7:22 of 3rd period - Puck is out of play.
7:23 of 3rd period - Bryan Little wins face-off versus Ryan O'Reilly in Avalanche zone.
7:30 of 3rd period - Snap shot by Mikkel Boedker.
7:30 of 3rd period - Stopped by Carey Price with a rebound.
8:02 of 3rd period - Peter Prucha is hit by Nicklas Backstrom and loses puck.
8:49 of 3rd period - Snap shot by David Perron.
8:49 of 3rd period - Deflect By Ryan O'Reilly.
8:49 of 3rd period - Stopped by Cam Ward without a rebound.
8:50 of 3rd period - Nicklas Backstrom wins face-off versus Peter Prucha in Avalanche zone.
8:58 of 3rd period - Minor Penalty to Colten Teubert for Hooking.
8:59 of 3rd period - Nicklas Backstrom wins face-off versus Charlie Coyle in Avalanche zone.
10:58 of 3rd period - Penalty to Colten Teubert is over, Colten Teubert is back on ice.
11:19 of 3rd period - Icing by Drew Shore.
11:20 of 3rd period - James Van Riemsdyk wins face-off versus Anthony Mantha in Blues zone.
12:07 of 3rd period - Jake Gardiner is hit by Erik Karlsson and loses puck.
12:13 of 3rd period - Jake Gardiner is hit by Andrew Ladd and loses puck.
12:26 of 3rd period - Minor Penalty to Luke Witkowski for Roughing.
12:27 of 3rd period - Nicklas Backstrom wins face-off versus Charlie Coyle in Avalanche zone.
13:21 of 3rd period - Ryan Murray is hit by Kyle Turris and loses puck.
13:46 of 3rd period - Peter Prucha is hit by Filip Forsberg and loses puck.
14:26 of 3rd period - Penalty to Luke Witkowski is over, Luke Witkowski is back on ice.
14:36 of 3rd period - Jack Johnson is hit by Fabian Brunnstrom and loses puck.
14:54 of 3rd period - Mikkel Boedker is hit by Drew Shore.
15:16 of 3rd period - Colten Teubert is hit by Kevin Hayes and loses puck.
15:52 of 3rd period - Minor Penalty to Fabian Brunnstrom for Hooking.
15:53 of 3rd period - Drew Shore wins face-off versus Bryan Little in Blues zone.
16:06 of 3rd period - Wrist shot by Tyler Johnson.
16:06 of 3rd period - Stopped by Cam Ward with a rebound.
16:42 of 3rd period - Snap shot by David Perron.
16:42 of 3rd period - Shot Misses the Net.
17:52 of 3rd period - Penalty to Fabian Brunnstrom is over, Fabian Brunnstrom is back on ice.
18:05 of 3rd period - Alex Pietrangelo is hit by Andrew Ladd and loses puck.
18:10 of 3rd period - Wrist shot by Charlie Coyle.
18:10 of 3rd period - Deflect By Peter Prucha.
18:10 of 3rd period - Shot Blocked by Jacob Slavin.
18:10 of 3rd period - Puck is out of play.
18:11 of 3rd period - Nicklas Backstrom wins face-off versus Kyle Turris in Blues zone.
18:52 of 3rd period - Minor Penalty to Fabian Brunnstrom for Holding.
18:53 of 3rd period - Drew Shore wins face-off versus Bryan Little in Blues zone.
19:08 of 3rd period - Avalanche, Cam Ward is pulled from the net.
19:08 of 3rd period - Slapshot by Jack Johnson.
19:08 of 3rd period - Stopped by Carey Price with a rebound.
19:20 of 3rd period - Paul Stastny is hit by David Perron and loses puck.
Goals for this period are 1 for Blues vs 0 for Avalanche.
Shots for this period are 6 for Blues vs 4 for Avalanche.